 Dungeon Crawl Stone Soup version 0.25-a0-578-gc91f01c39c (webtiles) character file.

Game seed: 17694305160823259505, levelgen mode: deterministic

201 inmateoo the Grave Robber (level 5, -5/30 HPs)
             Began as a Deep Elf Necromancer on Mar 7, 2020.
             Was an Initiate of Vehumet.
             Slain by an orc wizard
             ... wielding a +0 dagger
              (6 damage)
             ... on level 4 of the Dungeon.
             The game lasted 00:03:17 (3371 turns).

inmateoo the Grave Robber (Deep Elf Necromancer)    Turns: 3371, Time: 00:03:17

Health: -5/30      AC:  4    Str:  5    XL:     5   Next: 50%
Magic:  4/13       EV: 14    Int: 21    God:    Vehumet [......]
Gold:   232        SH:  0    Dex: 15    Spells: 3/12 levels left

rFire    . . .     SeeInvis .   p - +0 whip
rCold    . . .     Gourm    .   (no shield)
rNeg     . . .     Faith    .   a - +0 robe
rPois    .         Spirit   .   (no helmet)
rElec    .         Reflect  .   n - +0 cloak
rCorr    .         Harm     .   m - +0 pair of gloves
MR       .....                  (no boots)
Stlth    +++.......             (no amulet)
HPRegen  0.10/turn              (no ring)
MPRegen  0.13/turn              (no ring)

@: no status effects
A: no striking features
a: Renounce Religion


You were on level 4 of the Dungeon.
You worshipped Vehumet.
Vehumet was noncommittal.
You were very hungry.

You visited 1 branch of the dungeon, and saw 4 of its levels.

You collected 232 gold pieces.

Inventory:

Hand Weapons
 p - a +0 whip (weapon)
Armour
 a - a +0 robe (worn)
 m - a +0 pair of gloves (worn)
 n - a +0 cloak (worn)
 s - a +0 buckler
Jewellery
 r - a cursed ring of teleportation {unknown}
Wands
 k - a wand of polymorph (11)
Scrolls
 f - 3 scrolls of remove curse
 i - 2 scrolls of teleportation
 l - a scroll of magic mapping
 q - a scroll of fear {unknown}
 t - a scroll of identify
Potions
 b - 2 potions of degeneration {unknown}
 d - 2 potions of curing
 e - 3 potions of flight {unknown}
 g - a potion of berserk rage
 h - a potion of lignification
 j - 3 potions of heal wounds {unknown}
 o - a potion of might {unknown}
Comestibles
 c - 8 rations


   Skills:
 + Level 1.6 Fighting
 + Level 3.8 Dodging
 + Level 3.9 Stealth
 + Level 0.3 Shields
 + Level 4.2 Spellcasting
 + Level 5.6 Necromancy


You had 3 spell levels left.
You knew the following spells:

 Your Spells              Type           Power        Failure   Level  Hunger
a - Pain                  Necr           ####         1%          1    None
b - Animate Skeleton      Necr           N/A          1%          1    None
c - Vampiric Draining     Necr           ####......   3%          3    ###....
d - Animate Dead          Necr           N/A          12%         4    ####...

Your spell library contained the following spells:

 Spells                   Type           Power        Failure   Level  Hunger
 Agony                    Necr           ####....     32%         5    ######.


Dungeon Overview and Level Annotations

Branches:
Dungeon (4/15)             Temple (0/1) D:4

Altars:
Cheibriados
Elyvilon
Makhleb
Vehumet
Yredelemnul


Message History

* * * LOW HITPOINT WARNING * * *
Casting: Pain (safe; 1% risk of failure)
Confirm with . or Enter, or press ? or * to list all spells.
Aiming: Pain (safe; 1% risk of failure)
Press: ? - help, Shift-Dir - straight line, f/p - orc
Aim: an orc, wielding a +0 short sword and wearing a +0 leather armour (almost dead, chance to defeat MR: 93%)
The orc writhes in agony!
You kill the orc!
Vehumet accepts your kill. Something hits you but does no damage.
Casting: Pain (safe; 1% risk of failure)
Confirm with . or Enter, or press ? or * to list all spells.
Aiming: Pain (safe; 1% risk of failure)
Press: ? - help, Shift-Dir - straight line, f - orc
Aim: an orc, wielding a +0 hand axe (chance to defeat MR: 93%)
The orc writhes in agony!
You kill the orc!
Vehumet accepts your kill. Something hits you but does no damage.
Something hits you.
You die...

............######.....
...............# #..^..
...............# #.....
.#.........# #.....
..........## #.....
.########.####.#+##
<............#
########.######.#
#@....#.........#
#)###.#..######## #.#
#.#.......... #.#
#.#.######### #.# #.#.#
#.# #.#.# #.# #.#.# #.#
#.#.# #.#.#


There were no monsters in sight!

Vanquished Creatures
  An orc priest (D:3)
  A hound (D:4)
  A worker ant (D:4)
  3 adders
  2 oozes (D:3)
  2 worms (D:2)
  A dart slug (D:2)
  4 leopard geckos
  8 orcs
  7 goblins
  4 hobgoblins
  8 jackals
  A quokka (D:2)
  A ball python (D:3)
  5 bats
  5 frilled lizards
  8 kobolds
  6 rats
68 creatures vanquished.

Notes
Turn   | Place    | Note
-------+----------+-------------------------------------------
     0 | D:1      | inmateoo the Deep Elf Necromancer began the quest for the
                  | Orb.
     0 | D:1      | Reached XP level 1. HP: 10/10 MP: 6/6
   676 | D:1      | Reached XP level 2. HP: 13/15 MP: 5/8
   818 | D:2      | Reached skill level 5 in Necromancy
  1097 | D:2      | Reached XP level 3. HP: 20/20 MP: 7/9
  1346 | D:2      | Found a white marble altar of Elyvilon.
  1348 | D:2      | Found a snail-covered altar of Cheibriados.
  1357 | D:2      | Found a basalt altar of Yredelemnul.
  1877 | D:3      | Reached skill level 1 in Fighting
  1942 | D:3      | Reached XP level 4. HP: 16/25 MP: 7/11
  1958 | D:2      | Learned a level 1 spell: Animate Skeleton
  1962 | D:2      | Learned a level 3 spell: Vampiric Draining
  1967 | D:2      | Learned a level 4 spell: Animate Dead
  2665 | D:3      | Found a burning altar of Makhleb.
  2679 | D:3      | Found a radiant altar of Vehumet.
  2830 | D:3      | Became a worshipper of Vehumet
  2862 | D:3      | Reached XP level 5. HP: 28/29 MP: 10/13
  3039 | D:4      | Found a staircase to the Ecumenical Temple.
  3371 | D:4      | Slain by an orc wizard

Levels and vault maps discovered:
D:1:      ncdulo_lavacross, layout_loops_ring
D:2:      layout_loops_ring, grunt_temple_overflow_open, first_ration
D:3:      layout_basic, bloody_makhleb, vehumet_crystals, minivault_4
D:4:      layout_basic, temple_fountains, uniq_natasha

Skill      XL: |  1  2  3  4 |
---------------+-------------+-----
Necromancy     | 5 |  5.6
Stealth        | 3 |  3.9
Dodging        | 3 |  3.8
Fighting       | 1 |  1.6
Spellcasting   | 4 |  4.2
Shields        | |  0.3

Action                   |  1- 3 |  4- 6 || total
-------------------------+-------+-------++-------
 Cast: Pain              |    66 |    63 ||   129
  Use: Scroll            |    10 |       ||    10
  Eat: Chunk             |     3 |     3 ||     6
Armor: Robe              |     3 |     6 ||     9
Dodge: Dodged            |     4 |    24 ||    28

Table legend:
 A = Non-vault XP
 B = Vault XP
 C = Vault XP percentage of total XP
 D = Non-vault monster count
 E = Vault monster count
 F = Vault count percentage of total count
                 A         B        C        D         E       F
            +---------+---------+-------+---------+---------+-------
      Total |     288 |       0 |   0.0 |      68 |       0 |   0.0
            +---------+---------+-------+---------+---------+-------
        D:1 |      13 |       0 |   0.0 |      10 |       0 |   0.0
        D:2 |      58 |       0 |   0.0 |      23 |       0 |   0.0
        D:3 |     125 |       0 |   0.0 |      27 |       0 |   0.0
        D:4 |      92 |       0 |   0.0 |       8 |       0 |   0.0
            +---------+---------+-------+---------+---------+-------
